 Dungeon Crawl Stone Soup version 0.32-a0-141-g04fe697 (webtiles) character file.

Game seed: 3967423919094500047

560 edsrzf the Apothecary (level 7, -3/41 HPs)
             Began as an Octopode Hedge Wizard on Feb 11, 2024.
             Was an Initiate of Vehumet.
             Slain by a gnoll bouda
             ... wielding a +0 club
              (9 damage)
             ... on level 4 of the Dungeon.
             The game lasted 00:06:27 (4064 turns).

edsrzf the Apothecary (Octopode Hedge Wizard)       Turns: 4064, Time: 00:06:28

Health: -3/41      AC:  1    Str:  9    XL:     7   Next: 31%
Magic:  7/11       EV: 13    Int: 18    God:    Vehumet [......]
Gold:   218        SH:  0    Dex: 12    Spells: 6/12 levels left

rFire   . . .        b - +1 short sword (elec)
rCold   . . .        (no shield)
rNeg    . . .        h - +0 hat
rPois   .            (no amulet)
rElec   .            (no ring)
rCorr   .            (no ring)
SInv    .            (no ring)
Will    .....        (no ring)
Stlth   +++          (no ring)
HPRegen 0.26/turn    (no ring)
MPRegen 0.12/turn    (no ring)
                     (no ring)

%: no passive effects
@: no status effects
A: almost no armour, amphibious, 8 rings, camouflage 1, gelatinous body 1,
(nimble swimmer 1), tentacles
a: Renounce Religion


You were on level 4 of the Dungeon.
You worshipped Vehumet.
Vehumet was noncommittal.
You visited 1 branch of the dungeon, and saw 4 of its levels.

You collected 218 gold pieces.

Inventory:

Hand Weapons
 a - a +0 dagger
 b - a +1 short sword of electrocution (weapon)
Armour
 h - a +0 hat (worn)
Jewellery
 r - a ring of resist corrosion
 w - an amulet of regeneration
Wands
 i - a wand of roots (8)
 s - a wand of mindburst (16)
 t - a wand of quicksilver (10)
 u - a wand of flame (3)
Scrolls
 d - a scroll of fear {unknown}
 g - 2 scrolls of identify {unknown}
 j - 3 scrolls of blinking {unknown}
 k - a scroll of torment {unknown}
 m - a scroll of teleportation {unknown}
 o - a scroll of amnesia {unknown}
Potions
 c - a potion of magic
 e - a potion of degeneration {unknown}
 f - a potion of haste {unknown}
 l - a potion of berserk rage {unknown}
 n - a potion of attraction {unknown}
 p - a potion of brilliance {unknown}
 q - a potion of resistance {unknown}
 v - a potion of cancellation {unknown}


   Skills:
 - Level 2.0 Dodging
 - Level 2.6 Stealth
 + Level 3.1 Spellcasting
 + Level 3.8 Conjurations
 - Level 1.0 Summonings
 - Level 1.0 Translocations
 - Level 4.0 Air Magic
 - Level 5.0 Alchemy


You had 6 spell levels left.
You knew the following spells:

 Your Spells              Type           Power      Damage    Failure   Level
b - Blink                 Tloc           12%        N/A       16%         2
C - Mephitic Cloud        Conj/Alch/Air  18%        N/A       9%          3
X - Magic Dart            Conj           64%        1d6       3%          1

Your spell library contained the following spells:

 Spells                   Type           Power      Damage    Failure   Level
 Cigotuvi's Dreadful Rot  Necr/Alch/Air  26%        N/A       7%          2
 Sandblast                Erth           4%         2d4       16%         1
 Slow                     Hex            8%         N/A       16%         1
 Call Imp                 Summ           12%        N/A       16%         2
 Dazzling Flash           Conj/Hex       18%        N/A       22%         3
 Stone Arrow              Conj/Erth      18%        3d8       22%         3
 Volatile Blastmotes      Fire/Tloc      8%         2d10      36%         3
 Passwall                 Erth           2%         N/A       43%         3
 Brom's Barrelling Bould  Conj/Erth      9%         2d3       58%         4
 Starburst                Conj/Fire      4%         6d4       100%        6
 Maxwell's Capacitive Co  Air            8%         ∞         100%        8


Dungeon Overview and Level Annotations

Branches:
Dungeon (4/15)
 Temple: D:4-7

Altars:
Elyvilon
Makhleb
Ru
Vehumet
Wu Jian
Yredelemnul


Innate Abilities, Weirdness & Mutations

You cannot wear most types of armour.
You are amphibious.
You can wear up to eight rings at the same time.
Your skin changes colour to match your surroundings (Stealth+).
Your rubbery body absorbs attacks. (AC +1, EV +1)
((You are camouflaged when in or above water. (Stealth+)))
You have tentacles for arms and can constrict up to eight enemies at once.


Message History

Found 3 stones. 2 gnolls come into view.
The gnoll shouts!
A gnoll comes into view. It is wielding a +1 whip of flaming.
A gnoll comes into view. It is wielding a +0 flail.
The gnoll shouts! x2; You hear a shout!
The gnoll shouts!
You see here an amulet of regeneration.
w - an amulet of regeneration A gnoll bouda comes into view.
It is wielding a +0 club and wearing a +1 leather armour of poison resistance.
A gnoll comes into view. It is wielding a +0 whip.
You hit the gnoll. Your grab misses the gnoll.
The gnoll is moderately wounded.
The gnoll hits you with a +1 whip of flaming.
The gnoll burns you.
Press: ? - help, v - describe, . - travel
Here: a gnoll, wielding a +1 whip of flaming (moderately wounded)
The floor.
You closely miss the gnoll. You grab the gnoll.
The gnoll is moderately wounded.
You constrict the gnoll, but do no damage.
The gnoll hits you with a +1 whip of flaming!
The gnoll burns you.
You hit the gnoll but do no damage.
The gnoll is moderately wounded.
You constrict the gnoll.
The gnoll hits you from afar with a +0 spear.
The gnoll struggles to escape constriction.
You hit the gnoll but do no damage. Lightning courses through the gnoll!
You kill the gnoll!
Vehumet accepts your kill. The gnoll closely misses you.
You hit the gnoll. You grab the gnoll. You squeeze the gnoll!
You kill the gnoll!
Vehumet accepts your kill.
The gnoll hits you from afar with a +0 spear!
The gnoll bouda barks out a call to the hunt!
The gnolls pick up the pace!
Casting: Magic Dart (safe; 3% risk of failure)
Confirm with . or Enter, or press ? or * to list all spells.
Aiming: Mephitic Cloud (dangerous; 9% risk of failure)
Press: ? - help, Shift-Dir - straight line, f - gnoll
Aim: a gnoll, wielding a +0 whip (covering ground quickly, chance to affect: 91%)
The ball explodes into a vile cloud!
The stinking cloud engulfs the gnoll. x2
The gnoll is engulfed in noxious fumes.
The gnoll appears confused.
The gnoll is engulfed in noxious fumes.
Unknown command.
You hit the gnoll. Lightning courses through the gnoll! You grab the gnoll.
The gnoll is almost dead.
You constrict the gnoll.
You kill the gnoll!
Vehumet accepts your kill.
The gnoll is engulfed in noxious fumes.
The gnoll appears confused.
The gnoll is engulfed in noxious fumes.
Casting: Mephitic Cloud (dangerous; 9% risk of failure)
Confirm with . or Enter, or press ? or * to list all spells.
Aiming: Magic Dart (safe; 3% risk of failure)
Press: ? - help, Shift-Dir - straight line, f - gnoll
Aim: a gnoll, wielding a +0 spear (noxious fumes, covering ground quickly, 100% to hit)
The magic dart hits the gnoll but does no damage.
The gnoll is engulfed in noxious fumes.
The gnoll appears confused.
The gnoll is engulfed in noxious fumes.
The gnoll appears confused.
The gnoll hits the gnoll with a +0 club.
You strike the helpless gnoll from behind!
You hit the gnoll. You grab the gnoll.
The gnoll is severely wounded.
You constrict the gnoll.
The gnoll is engulfed in noxious fumes.
The gnoll appears confused.
The gnoll screams, "NO!
I can't bear this much noise."
The gnoll barely misses you.
The gnoll hits itself but does no damage.
The gnoll is engulfed in noxious fumes.
The gnoll appears confused.
You hit the gnoll. You tentacle-slap the gnoll.
You kill the gnoll!
Vehumet accepts your kill.
The gnoll bouda hits you with a +0 club.
You closely miss the gnoll bouda. Your grab misses the gnoll bouda.
The gnoll bouda hits you with a +0 club!
* * * LOW HITPOINT WARNING * * *
Okay, then.
Casting: Magic Dart (safe; 3% risk of failure)
Confirm with . or Enter, or press ? or * to list all spells.
Okay, then.
Okay, then.
Okay, then.
Okay, then.
Okay, then.
Okay, then.
Aiming: Fastroot
Press: ? - help, Shift-Dir - straight line, f - gnoll
Aim: a gnoll, wielding a +0 club (noxious fumes, covering ground quickly, confused)
The roots erupt in riotous growth!
Roots grab the gnoll.
Roots grab the gnoll bouda.
The grasping roots constrict the gnoll bouda.
The grasping roots constrict the gnoll.
The gnoll is engulfed in noxious fumes.
The gnoll appears confused.
The gnoll struggles to escape constriction.
The gnoll is engulfed in noxious fumes.
The gnoll appears confused.
The gnoll escapes!
The gnoll bouda hits you with a +0 club!
You die...

###.§...♣♣....#.##
#..........## ###.
#.##.....### #.. #...##.###
#.## ##.....##### ... ###
####.........# #.# ....
.............# ##○# ##.....
.............####g○##.......
................@)○g..#
####...#####.####.##........
#..... ...# #.##.####.##
#...####### #.##g# #...#
#...g. #...# ####g# #.# #g.


You could see a gnoll bouda (rooted) and a gnoll (swift, confused).

Vanquished Creatures
  Sigmund (D:2)
  An ogre (D:4)
  A scorpion (D:4)
  A hound (D:4)
  A jelly (D:4)
  Jessica (D:2)
  4 gnolls (D:4)
  5 adders
  A dart slug (D:1)
  2 ribbon worms (D:2)
  An orc (D:3)
  6 ball pythons
  13 bats
  2 endoplasms
  4 giant cockroaches
  4 hobgoblins
  3 jackals
  5 quokkas
  A frilled lizard (D:2)
  4 goblins
  10 kobolds
  5 rats
76 creatures vanquished.

Notes
Turn   | Place    | Note
-------+----------+-------------------------------------------
     0 | D:1      | edsrzf the Octopode Hedge Wizard began the quest for the
                  | Orb.
     0 | D:1      | Reached XP level 1. HP: 11/11 MP: 4/4
   618 | D:1      | Reached skill level 2 in Conjurations
   618 | D:1      | Reached XP level 2. HP: 17/17 MP: 3/6
  1403 | D:2      | Noticed Jessica
  1492 | D:2      | Reached XP level 3. HP: 21/21 MP: 4/7
  1524 | D:2      | Learned a level 3 spell: Mephitic Cloud
  1534 | D:2      | Reached skill level 3 in Conjurations
  1605 | D:2      | Noticed Sigmund
  1976 | D:3      | Reached skill level 1 in Alchemy
  2088 | D:3      | Reached skill level 1 in Air Magic
  2328 | D:3      | Reached XP level 4. HP: 27/27 MP: 3/8
  2583 | D:2      | Reached skill level 2 in Alchemy
  3075 | D:2      | Killed Sigmund
  3076 | D:2      | Reached skill level 3 in Air Magic
  3076 | D:2      | Reached skill level 3 in Alchemy
  3076 | D:2      | Reached XP level 5. HP: 31/31 MP: 4/9
  3076 | D:2      | Reached XP level 6. HP: 36/36 MP: 4/10
  3280 | D:2      | Killed Jessica
  3281 | D:2      | Reached skill level 4 in Alchemy
  3562 | D:4      | Reached skill level 4 in Air Magic
  3656 | D:4      | Found a burning altar of Makhleb.
  3666 | D:4      | Found a sacrificial altar of Ru.
  3669 | D:4      | Found a radiant altar of Vehumet.
  3669 | D:4      | Found a basalt altar of Yredelemnul.
  3696 | D:4      | Found a white marble altar of Elyvilon.
  3714 | D:4      | Became a worshipper of Vehumet
  3789 | D:4      | Found an ornate altar of the Wu Jian Council.
  3814 | D:4      | Reached XP level 7. HP: 41/41 MP: 5/11
  3908 | D:4      | Learned a level 2 spell: Blink
  3944 | D:4      | Reached skill level 5 in Alchemy
  4064 | D:4      | Slain by a gnoll bouda

Illustrated notes

Levels and vault maps discovered:
D:1:      dpeg_arrival_signposts, layout_loops_ring, chequers_decorated_corner
D:2:      layout_basic, uniq_sigmund, uniq_jessica
D:3:      minmay_wonky_spiral, layout_basic
D:4:      layout_loops_cross, nicolae_wu_jian_wuxing_cycle,
          nicolae_overflow_hallway_of_the_gods,
          hangedman_abyss_or_decor_lesser_grid

Skill      XL: |  1  2  3  4  5  6  7 |
---------------+----------------------+-----
Conjurations   | 2 3 |  3.8
Alchemy        | 1 3 4 5 |  5.0
Air Magic      | 1 3 4 |  4.0
Dodging        | |  2.0
Stealth        | |  2.6
Spellcasting   | |  3.1
Summonings     | |  1.0
Translocations | |  1.0

Action                     |  1- 3 |  4- 6 |  7- 9 || total
---------------------------+-------+-------+-------++-------
  Melee: Dagger            |     6 |       |       ||     6
         Tentacles         |     5 |     6 |     4 ||    15
         Constrict         |     3 |    10 |     6 ||    19
         Short sword       |     7 |    43 |    18 ||    68
         Punch             |       |     1 |     1 ||     2
   Cast: Magic Dart        |    84 |    60 |     8 ||   152
         Mephitic Cloud    |       |     2 |     1 ||     3
  Evoke: Wand              |       |       |     1 ||     1
   Stab: Confused          |       |       |     1 ||     1
 Armour: Skin              |    10 |    18 |    10 ||    38
  Dodge: Dodged            |    23 |    28 |     9 ||    60

Table legend: (Time is in decaauts)
 A = Elapsed time spent in this place.
 B = Non-inter-level travel time spent in this place.
 C = Inter-level travel time spent in this place.
 D = Time resting spent in this place.
 E = Time spent auto-exploring this place.
 F = Levels seen in this place.
 G = Mean time per level.
                   A        B        C        D        E       F      G
               +--------+--------+--------+--------+--------+-----+--------+
         Total |   4063 |   3849 |    214 |    544 |   2693 |   4 | 1015.8 |
       Dungeon |   4063 |   3849 |    214 |    544 |   2693 |   4 | 1015.8 |
               +--------+--------+--------+--------+--------+-----+--------+

Top non-repeatable levels by time:
     D:1: 1360 daAuts
     D:3: 1106 daAuts
     D:2: 996 daAuts
     D:4: 599 daAuts
